| TOP OF THE 1ST |
|
Mahoning Valley Scrappers batting - Pitching for Minnesota (NYP) Twins : RHP Dean Huch
|
|
Pitching: RHP Dean Huch
|
|
|
Batting: LHB John Harring
|
0-0: Bunted foul 0-1: Ball 1-1: Fly out, F8 (Line Drive, 8LM, EV 86.9 MPH)
|
|
Batting: RHB Juan Padilla
|
0-0: Swinging Strike 0-1: Foul Ball, location: 2F 0-2: SINGLE (Groundball, 6MD, EV 110.0 MPH) (infield hit)
|
|
Batting: RHB Ryan Gautney
|
0-0: Ball Juan Padilla steals 2nd base 1-0: Ball 2-0: Fly out, F9 (Line Drive, 9, EV 93.8 MPH)
|
|
Batting: LHB Devon Grant
|
0-0: Foul Ball, location: 2F 0-1: Fly out, F8 (Line Drive, 8LD, EV 97.5 MPH)
|
| Top of the 1st over - 0 runs, 1 hit, 0 errors, 1 left on base; Mahoning Valley 0 - Minnesota (NYP) 0 |
| BOTTOM OF THE 1ST |
|
Minnesota (NYP) Twins batting - Pitching for Mahoning Valley Scrappers : RHP Joe Zeiset
|
|
Pitching: RHP Joe Zeiset
|
|
|
Batting: LHB Seung-jun Chang
|
0-0: Ball 1-0: Swinging Strike 1-1: Ball 2-1: Ball 3-1: Called Strike 3-2: Foul Ball, location: 2F 3-2: Foul Ball, location: 2F 3-2: Foul Ball, location: 2F 3-2: Base on Balls
|
|
Batting: RHB David Nardone
|
0-0: Ball 1-0: Fly out, F9 (Flyball, 9S, EV 90.6 MPH)
|
|
Batting: RHB Miguel Diaz
|
0-0: Ball 1-0: Ball Seung-jun Chang steals 2nd base 2-0: Called Strike 2-1: Called Strike 2-2: Foul Ball, location: 2F 2-2: Foul Ball, location: 2F 2-2: Ball 3-2: Strikes out swinging
|
|
Batting: RHB Michael McDonald
|
0-0: Called Strike 0-1: Ball Passed Ball! Seung-jun Chang to third 1-1: Ball 2-1: Fly out, F9 (Flyball, 9S, EV 89.4 MPH)
|
| Bottom of the 1st over - 0 runs, 0 hits, 0 errors, 1 left on base; Mahoning Valley 0 - Minnesota (NYP) 0 |
| TOP OF THE 2ND |
|
Mahoning Valley Scrappers batting - Pitching for Minnesota (NYP) Twins : RHP Dean Huch
|
|
Batting: RHB Jeremy Givens
|
0-0: Foul Ball, location: 2F 0-1: Called Strike 0-2: Strikes out looking
|
|
Batting: RHB Andy Lewis
|
0-0: Called Strike 0-1: Foul Ball, location: 2F 0-2: Ball 1-2: Ground out 5-3 (Groundball, 56, EV 105.6 MPH)
|
|
Batting: RHB Blake Kelly
|
0-0: Ball 1-0: Foul Ball, location: 2F 1-1: Ground out 2-3 (Groundball, 2L, EV 70.0 MPH)
|
| Top of the 2nd over - 0 runs, 0 hits, 0 errors, 0 left on base; Mahoning Valley 0 - Minnesota (NYP) 0 |
| BOTTOM OF THE 2ND |
|
Minnesota (NYP) Twins batting - Pitching for Mahoning Valley Scrappers : RHP Joe Zeiset
|
|
Batting: RHB Sean Gould
|
0-0: Ball 1-0: Ball 2-0: Called Strike 2-1: Fly out, F3 (Line Drive, 3, EV 70.6 MPH)
|
|
Batting: RHB Graham Calvert
|
0-0: Called Strike 0-1: Called Strike 0-2: Strikes out swinging
|
|
Batting: RHB Tony Crespo
|
0-0: Ground out 4-3 (Groundball, 4, EV 96.9 MPH)
|
| Bottom of the 2nd over - 0 runs, 0 hits, 0 errors, 0 left on base; Mahoning Valley 0 - Minnesota (NYP) 0 |
| TOP OF THE 3RD |
|
Mahoning Valley Scrappers batting - Pitching for Minnesota (NYP) Twins : RHP Dean Huch
|
|
Batting: RHB Gashie Chimsima
|
0-0: Ball 1-0: Ball 2-0: Called Strike 2-1: Swinging Strike 2-2: Strikes out looking
|
|
Batting: RHB Willie Gonzales
|
0-0: Called Strike 0-1: SINGLE (Groundball, 6D, EV 103.1 MPH)
|
|
Batting: LHB John Harring
|
0-0: Called Strike Willie Gonzales steals 2nd base 0-1: Swinging Strike 0-2: DOUBLE (Line Drive, 7LM, EV 107.5 MPH) Willie Gonzales scores
|
|
Pitching: RHP Kevin Colgin
|
|
|
Batting: RHB Juan Padilla
|
0-0: Ball John Harring steals 3rd base 1-0: Ball 2-0: Ball 3-0: Base on Balls
|
|
Batting: RHB Ryan Gautney
|
0-0: Ball 1-0: Called Strike 1-1: DOUBLE (Line Drive, 9LM, EV 103.1 MPH) John Harring scores Juan Padilla to third
|
|
Batting: LHB Devon Grant
|
0-0: Ball 1-0: Ball 2-0: DOUBLE (Line Drive, 89D, EV 113.8 MPH) Juan Padilla scores Ryan Gautney scores
|
|
Batting: RHB Jeremy Givens
|
0-0: Ball 1-0: Called Strike 1-1: DOUBLE (Line Drive, 78M, EV 108.8 MPH) Devon Grant scores
|
|
Batting: RHB Andy Lewis
|
0-0: Ball 1-0: Foul Ball, location: 2F 1-1: SINGLE (Groundball, 4MD, EV 105.6 MPH) Jeremy Givens to third Runner from 3rd tries for Home, throw by CF and OUT! 8-2
|
|
Batting: RHB Blake Kelly
|
0-0: Ball Andy Lewis steals 2nd base 1-0: Ball 2-0: Called Strike 2-1: Ball 3-1: Base on Balls
|
|
Pitching: RHP Matt Lundy
|
|
|
Batting: RHB Gashie Chimsima
|
0-0: Foul Ball, location: 2F 0-1: Swinging Strike 0-2: Ball 1-2: Strikes out swinging
|
| Top of the 3rd over - 5 runs, 6 hits, 0 errors, 2 left on base; Mahoning Valley 5 - Minnesota (NYP) 0 |
| BOTTOM OF THE 3RD |
|
Minnesota (NYP) Twins batting - Pitching for Mahoning Valley Scrappers : RHP Joe Zeiset
|
|
Batting: SHB Donell Burney
|
0-0: Ball 1-0: Ball 2-0: Called Strike 2-1: Swinging Strike 2-2: Strikes out swinging
|
|
Batting: RHB Alex Loaiza
|
0-0: Ball 1-0: Ball 2-0: Called Strike 2-1: Foul Ball, location: 2F 2-2: Ball 3-2: Base on Balls
|
|
Batting: LHB Seung-jun Chang
|
0-0: Ball 1-0: Ball 2-0: Foul Ball, location: 2F 2-1: Foul Ball, location: 2F 2-2: Strikes out looking
|
|
Batting: RHB David Nardone
|
0-0: Ball 1-0: Ball 2-0: DOUBLE (Line Drive, 7LM, EV 98.1 MPH) Alex Loaiza to third Runner from 3rd tries for Home, SAFE, no throw by LF
|
|
Batting: RHB Miguel Diaz
|
0-0: Ball 1-0: Foul Ball, location: 2F 1-1: Swinging Strike 1-2: Foul Ball, location: 2F 1-2: Ball 2-2: Strikes out swinging
|
| Bottom of the 3rd over - 1 run, 1 hit, 0 errors, 1 left on base; Mahoning Valley 5 - Minnesota (NYP) 1 |
| TOP OF THE 4TH |
|
Mahoning Valley Scrappers batting - Pitching for Minnesota (NYP) Twins : RHP Matt Lundy
|
|
Batting: RHB Willie Gonzales
|
0-0: Called Strike 0-1: Ball 1-1: Foul Ball, location: 2F 1-2: Ball 2-2: Ball 3-2: SINGLE (Groundball, 5S, EV 60.0 MPH) (infield hit)
|
|
Batting: LHB John Harring
|
0-0: Ball Willie Gonzales steals 2nd base 1-0: Foul Ball, location: 2F 1-1: Foul Ball, location: 2F 1-2: Ball 2-2: SINGLE (Groundball, 23, EV 68.1 MPH) (infield hit) Willie Gonzales to third
|
|
Batting: RHB Juan Padilla
|
0-0: Ball John Harring steals 2nd, throwing error, E2 Willie Gonzales scores John Harring to third 1-0: Ball 2-0: DOUBLE (Line Drive, 78D, EV 103.8 MPH) John Harring scores
|
|
Batting: RHB Ryan Gautney
|
0-0: Ball 1-0: Foul Ball, location: 2F 1-1: Ball 2-1: Ball 3-1: Foul Ball, location: 2F 3-2: SINGLE (Groundball, 56D, EV 106.2 MPH) Juan Padilla to third
|
|
Batting: LHB Devon Grant
|
0-0: Ball 1-0: Foul Ball, location: 2F 1-1: Called Strike 1-2: Strikes out swinging
|
|
Batting: RHB Jeremy Givens
|
0-0: Ball 1-0: Swinging Strike 1-1: Foul Ball, location: 2F 1-2: TRIPLE (Flyball, 78XD, EV 98.8 MPH) Juan Padilla scores Ryan Gautney scores
|
|
Batting: RHB Andy Lewis
|
0-0: Foul Ball, location: 2F 0-1: TRIPLE (Line Drive, 8LXD, EV 104.4 MPH) Jeremy Givens scores
|
|
Batting: RHB Blake Kelly
|
0-0: Ball 1-0: Ball 2-0: Called Strike 2-1: Foul Ball, location: 2F 2-2: Ball 3-2: Base on Balls
|
|
Batting: RHB Gashie Chimsima
|
Pickoff Throw to First - Out! 1-3 0-0: Ball 1-0: Called Strike 1-1: Called Strike 1-2: Ground out 5-3 (Groundball, 5L, EV 97.5 MPH)
|
| Top of the 4th over - 5 runs, 6 hits, 1 error, 1 left on base; Mahoning Valley 10 - Minnesota (NYP) 1 |
| BOTTOM OF THE 4TH |
|
Minnesota (NYP) Twins batting - Pitching for Mahoning Valley Scrappers : RHP Joe Zeiset
|
|
Batting: RHB Michael McDonald
|
0-0: Ball 1-0: Foul Ball, location: 2F 1-1: Foul Ball, location: 2F 1-2: Foul Ball, location: 2F 1-2: Ball 2-2: Foul Ball, location: 2F 2-2: Ground out U3 (Groundball, 3, EV 83.1 MPH)
|
|
Batting: RHB Sean Gould
|
0-0: Called Strike 0-1: Ball 1-1: Foul Ball, location: 2F 1-2: SINGLE (Line Drive, 89S, EV 100.6 MPH)
|
|
Batting: RHB Graham Calvert
|
0-0: Fly out, F6 (Popup, 6M, EV 53.1 MPH)
|
|
Batting: RHB Tony Crespo
|
0-0: Called Strike 0-1: Ball 1-1: Called Strike 1-2: Ball 2-2: Foul Ball, location: 2F 2-2: SINGLE (Groundball, 34D, EV 96.2 MPH) Sean Gould to second
|
|
Batting: SHB Donell Burney
|
0-0: Foul Ball, location: 2F 0-1: Foul Ball, location: 2F 0-2: Ground out 4-3 (Groundball, 4, EV 83.8 MPH)
|
| Bottom of the 4th over - 0 runs, 2 hits, 0 errors, 2 left on base; Mahoning Valley 10 - Minnesota (NYP) 1 |
| TOP OF THE 5TH |
|
Mahoning Valley Scrappers batting - Pitching for Minnesota (NYP) Twins : RHP Matt Lundy
|
|
Batting: RHB Willie Gonzales
|
0-0: Ball 1-0: Called Strike 1-1: Ball 2-1: Called Strike 2-2: Ground out 1-3 (Groundball, 34S, EV 70.0 MPH)
|
|
Batting: LHB John Harring
|
0-0: Ball 1-0: Called Strike 1-1: Ball 2-1: Foul Ball, location: 2F 2-2: Foul Ball, location: 2F 2-2: Ball 3-2: Foul Ball, location: 2F 3-2: Foul Ball, location: 2F 3-2: Foul Ball, location: 2F 3-2: Foul Ball, location: 2F 3-2: Base on Balls
|
|
Batting: RHB Juan Padilla
|
0-0: Called Strike 0-1: Ball 1-1: SINGLE (Groundball, 56, EV 97.5 MPH) John Harring to second
|
|
Pitching: RHP Ruben Torres
|
|
|
Batting: RHB Ryan Gautney
|
0-0: Called Strike 0-1: Ball 1-1: Ball 2-1: Swinging Strike 2-2: Ball 3-2: Foul Ball, location: 2F 3-2: Strikes out looking
|
|
Batting: LHB Devon Grant
|
0-0: Called Strike 0-1: Swinging Strike 0-2: Strikes out swinging
|
| Top of the 5th over - 0 runs, 1 hit, 0 errors, 2 left on base; Mahoning Valley 10 - Minnesota (NYP) 1 |
| BOTTOM OF THE 5TH |
|
Minnesota (NYP) Twins batting - Pitching for Mahoning Valley Scrappers : RHP Joe Zeiset
|
|
Pitching: RHP Jeff Degel
|
|
|
Batting: RHB Alex Loaiza
|
0-0: Ball 1-0: Called Strike 1-1: Foul Ball, location: 2F 1-2: Ball 2-2: Strikes out swinging
|
|
Batting: LHB Seung-jun Chang
|
0-0: Swinging Strike 0-1: Fly out, F8 (Flyball, 8RS, EV 93.1 MPH)
|
|
Batting: RHB David Nardone
|
0-0: SINGLE (Line Drive, 8LS, EV 96.9 MPH)
|
|
Batting: RHB Miguel Diaz
|
0-0: Called Strike 0-1: Called Strike 0-2: Ball 1-2: Ball 2-2: Ground out 5-3 (Groundball, 56, EV 91.9 MPH)
|
| Bottom of the 5th over - 0 runs, 1 hit, 0 errors, 1 left on base; Mahoning Valley 10 - Minnesota (NYP) 1 |
| TOP OF THE 6TH |
|
Mahoning Valley Scrappers batting - Pitching for Minnesota (NYP) Twins : RHP Ruben Torres
|
|
Batting: RHB Jeremy Givens
|
0-0: DOUBLE (Flyball, 8LXD, EV 113.8 MPH)
|
|
Batting: RHB Andy Lewis
|
0-0: Ground out 5-3 (Groundball, 56, EV 85.0 MPH)
|
|
Batting: RHB Blake Kelly
|
0-0: Ball 1-0: Ground out U3 (Groundball, 34, EV 100.0 MPH) Jeremy Givens to third
|
|
Batting: RHB Gashie Chimsima
|
0-0: Ball 1-0: Fly out, F8 (Flyball, 8LM, EV 80.6 MPH)
|
| Top of the 6th over - 0 runs, 1 hit, 0 errors, 1 left on base; Mahoning Valley 10 - Minnesota (NYP) 1 |
| BOTTOM OF THE 6TH |
|
Minnesota (NYP) Twins batting - Pitching for Mahoning Valley Scrappers : RHP Jeff Degel
|
|
Batting: RHB Michael McDonald
|
0-0: DOUBLE (Line Drive, 9LD, EV 105.6 MPH)
|
|
Batting: RHB Sean Gould
|
0-0: Ball 1-0: Ball 2-0: Ball 3-0: Base on Balls
|
|
Batting: RHB Graham Calvert
|
0-0: Called Strike 0-1: Ball 1-1: Foul Ball, location: 2F 1-2: Ball 2-2: Foul Ball, location: 2F 2-2: Ball 3-2: Strikes out swinging
|
|
Batting: RHB Tony Crespo
|
0-0: Called Strike 0-1: Ball 1-1: SINGLE (Groundball, 4MD, EV 106.2 MPH) Michael McDonald to third Sean Gould to second
|
|
Batting: SHB Donell Burney
|
0-0: Called Strike 0-1: Swinging Strike 0-2: Ball 1-2: Ball 2-2: Ball Wild Pitch! Michael McDonald scores Sean Gould to third Tony Crespo to second 3-2: Foul Ball, location: 2F 3-2: Foul Ball, location: 2F 3-2: Ground out 6-3 (Groundball, 6MS, EV 66.9 MPH) Sean Gould scores Tony Crespo to third
|
|
Batting: RHB Alex Loaiza
|
0-0: Ball 1-0: Called Strike 1-1: Called Strike 1-2: Strikes out swinging
|
| Bottom of the 6th over - 2 runs, 2 hits, 0 errors, 1 left on base; Mahoning Valley 10 - Minnesota (NYP) 3 |
| TOP OF THE 7TH |
|
Mahoning Valley Scrappers batting - Pitching for Minnesota (NYP) Twins : RHP Ruben Torres
|
|
Batting: RHB Willie Gonzales
|
0-0: Swinging Strike 0-1: Ball 1-1: Called Strike 1-2: Foul Ball, location: 2F 1-2: Ball 2-2: Ball 3-2: Base on Balls
|
|
Pinch Hitting: RHB Ricky Cordova
|
0-0: Swinging Strike 0-1: Ball 1-1: Ball 2-1: Ball 3-1: Foul Ball, location: 2F 3-2: Base on Balls Willie Gonzales to second
|
|
Pinch Hitting: RHB Tetsuhiro Taki
|
0-0: Called Strike 0-1: Ball 1-1: DOUBLE (Flyball, 78D, EV 104.4 MPH) Willie Gonzales scores Ricky Cordova to third Runner from 3rd tries for Home, throw by LF and OUT! 7-6-2 Tetsuhiro Taki to third
|
|
Batting: RHB Ryan Gautney
|
0-0: Ball 1-0: Foul Ball, location: 2F 1-1: Foul Ball, location: 2F 1-2: Ball Passed Ball! Tetsuhiro Taki scores 2-2: Fly out, F9 (Flyball, 89S, EV 84.4 MPH)
|
|
Batting: LHB Devon Grant
|
0-0: Ball 1-0: Foul Ball, location: 2F 1-1: Ball 2-1: Ball 3-1: Called Strike 3-2: Base on Balls
|
|
Batting: RHB Jeremy Givens
|
0-0: Ball 1-0: Swinging Strike 1-1: Swinging Strike 1-2: Strikes out swinging
|
| Top of the 7th over - 2 runs, 1 hit, 0 errors, 1 left on base; Mahoning Valley 12 - Minnesota (NYP) 3 |
| BOTTOM OF THE 7TH |
|
Minnesota (NYP) Twins batting - Pitching for Mahoning Valley Scrappers : RHP Jeff Degel
|
|
Now at 2B: Tetsuhiro Taki
|
|
|
Now in RF: Ricky Cordova
|
|
|
Batting: LHB Seung-jun Chang
|
0-0: Ball 1-0: Swinging Strike 1-1: Ball 2-1: Called Strike 2-2: Ground out U3 (Groundball, 34S, EV 76.9 MPH)
|
|
Batting: RHB David Nardone
|
0-0: Foul Ball, location: 2F 0-1: Fly out, F9 (Flyball, 89S, EV 81.2 MPH)
|
|
Batting: RHB Miguel Diaz
|
0-0: Fly out, F7 (Flyball, 7S, EV 88.8 MPH)
|
| Bottom of the 7th over - 0 runs, 0 hits, 0 errors, 0 left on base; Mahoning Valley 12 - Minnesota (NYP) 3 |
| TOP OF THE 8TH |
|
Mahoning Valley Scrappers batting - Pitching for Minnesota (NYP) Twins : RHP Ruben Torres
|
|
Batting: RHB Andy Lewis
|
0-0: Ball 1-0: Called Strike 1-1: Ball 2-1: Ball 3-1: Base on Balls
|
|
Batting: RHB Blake Kelly
|
0-0: Ball 1-0: Ball 2-0: Grounds into double play, 5-4-3 (Groundball, 56, EV 90.6 MPH)
|
|
Batting: RHB Gashie Chimsima
|
0-0: Called Strike 0-1: Ball 1-1: TRIPLE (Line Drive, 89XD, EV 107.5 MPH)
|
|
Batting: RHB Willie Gonzales
|
0-0: Swinging Strike 0-1: Ball 1-1: Called Strike 1-2: Ball 2-2: SINGLE (Groundball, 56D, EV 108.1 MPH) Gashie Chimsima scores
|
|
Pitching: RHP Chris Starcher
|
|
|
Batting: RHB Ricky Cordova
|
0-0: Ball 1-0: Ball 2-0: Called Strike 2-1: Ball 3-1: Swinging Strike 3-2: Ground out 5-3 (Groundball, 56, EV 91.9 MPH)
|
| Top of the 8th over - 1 run, 2 hits, 0 errors, 1 left on base; Mahoning Valley 13 - Minnesota (NYP) 3 |
| BOTTOM OF THE 8TH |
|
Minnesota (NYP) Twins batting - Pitching for Mahoning Valley Scrappers : RHP Jeff Degel
|
|
Batting: RHB Michael McDonald
|
0-0: Called Strike 0-1: Ball 1-1: Ground out 6-3 (Groundball, 56, EV 103.1 MPH)
|
|
Batting: RHB Sean Gould
|
0-0: Ball 1-0: Ball 2-0: Ground out 4-3 (Groundball, 4, EV 85.0 MPH)
|
|
Batting: RHB Graham Calvert
|
0-0: Ball 1-0: Ground out 5-3 (Groundball, 56S, EV 84.4 MPH)
|
| Bottom of the 8th over - 0 runs, 0 hits, 0 errors, 0 left on base; Mahoning Valley 13 - Minnesota (NYP) 3 |
| TOP OF THE 9TH |
|
Mahoning Valley Scrappers batting - Pitching for Minnesota (NYP) Twins : RHP Chris Starcher
|
|
Batting: RHB Tetsuhiro Taki
|
0-0: Called Strike 0-1: Called Strike 0-2: Strikes out looking
|
|
Batting: RHB Ryan Gautney
|
0-0: Called Strike 0-1: Foul Ball, location: 2F 0-2: Ball 1-2: Foul Ball, location: 2F 1-2: Ball 2-2: Ball 3-2: Foul Ball, location: 2F 3-2: Base on Balls
|
|
Batting: LHB Devon Grant
|
0-0: Ball 1-0: DOUBLE (Line Drive, 7LD, EV 110.6 MPH) Ryan Gautney to third
|
|
Batting: RHB Jeremy Givens
|
0-0: Ball 1-0: Foul Ball, location: 2F 1-1: SINGLE (Line Drive, 6D, EV 98.8 MPH) Ryan Gautney scores Devon Grant to third Runner from 3rd tries for Home, throw by CF and OUT! 8-2
|
|
Batting: RHB Andy Lewis
|
0-0: Ball 1-0: Fly out, F6 (Line Drive, 6, EV 63.1 MPH)
|
| Top of the 9th over - 1 run, 2 hits, 0 errors, 1 left on base; Mahoning Valley 14 - Minnesota (NYP) 3 |
| BOTTOM OF THE 9TH |
|
Minnesota (NYP) Twins batting - Pitching for Mahoning Valley Scrappers : RHP Jeff Degel
|
|
Batting: RHB Tony Crespo
|
0-0: Called Strike 0-1: Foul Ball, location: 2F 0-2: Ball 1-2: Ground out 5-3 (Groundball, 56, EV 80.0 MPH)
|
|
Batting: SHB Donell Burney
|
0-0: Called Strike 0-1: Ground out 5-3 (Groundball, 5, EV 103.8 MPH)
|
|
Batting: RHB Alex Loaiza
|
0-0: Called Strike 0-1: Foul Ball, location: 2F 0-2: Ball 1-2: Strikes out swinging
|
| Bottom of the 9th over - 0 runs, 0 hits, 0 errors, 0 left on base; Mahoning Valley 14 - Minnesota (NYP) 3 |
|